 Dungeon Sprint DCSS version 0.22-a0-78-g0f8607c (webtiles) character file.

4129053 Kidiri the Conqueror (level 24, 40/199 HPs)
             Began as a Gargoyle Gladiator on Jan 15, 2018.
             Was the Champion of the Shining One.
             Escaped with the Orb
             ... and 3 runes on Jan 16, 2018!
             The game lasted 01:38:19 (16550 turns).

Kidiri the Conqueror (Gargoyle Gladiator)          Turns: 16550, Time: 01:38:20

Health: 40/199     AC: 52    Str: 43    XL:     24   Next: 34%
Magic:  53/54      EV: 30    Int: 12    God:    the Shining One [******]
Gold:   305        SH: 48    Dex: 15    Spells: 71/77 levels left

rFire    + + +     SeeInvis +   K - +9 morningstar (holy)
rCold    + + .     Gourm    .   P - +1 large shield {AC+3}
rNeg     + + +     Faith    .   U - +5 scale mail "Ofunopua" {+Inv MR+ Str+3}
rPois    ∞         Spirit   .   a - +1 hat {SInv}
rElec    +         Reflect  .   z - +2 cloak
rCorr    .         Harm     .   F - +2 pair of gloves {Str+3}
MR       ++...     NoTele   +   x - +1 pair of boots
Stlth    ++........             Y - amulet "Aklad" {rC+ Regen+}
HPRegen  0.83/turn              L - ring "Moph" {rF+++ rC+ Str+8 Int-2 Dex-2}
MPRegen  0.34/turn              u - ring of the Sybil {Str+2 Int+2 Dex+6 Slay+4}

@: divine shield, glowing
A: big wings, fangs 1, hooves 1, blurry vision 1, negative energy resistance 1,
robust 1, electricity resistance, unbreathing, petrification resistance, rot
immunity, subdued magic 1, AC +18
0: Orb of Zot
}: 3/15 runes: silver, golden, iron
a: Fly, Divine Shield, Cleansing Flame, Summon Divine Warrior, Renounce
Religion, Evoke Invisibility


You escaped.
You worshipped the Shining One.
The Shining One was exalted by your worship.
You were not hungry.

You visited 1 branch You collected 305 gold pieces.

Inventory:

Hand Weapons
 l - a cursed -3 trident
 t - a +2 battleaxe of freezing
 K - a +9 morningstar of holy wrath (weapon)
 M - a +5 long sword of holy wrath
 O - the +4 shortbow "Worm" {flame, +Fly Dex+2}
   (You took it off a vampire knight in the Dungeon)

   It causes projectiles fired from it to burn those they strike, causing extra
   injury to most foes and up to half again as much damage against particularly
   susceptible opponents.
   It affects your dexterity (+2).
   It lets you fly.
 Q - a +0 short sword
 T - a +0 arbalest
Missiles
 p - 3 silver javelins
 q - 10 javelins of returning
 r - 5 tomahawks
 s - 12 poisoned tomahawks
 y - 12 steel tomahawks
 A - 8 tomahawks of returning
 B - 13 exploding tomahawks
 C - 8 poisoned javelins
 J - 3 steel javelins
 R - 2 throwing nets
 S - 2 javelins of penetration (quivered)
Armour
 a - a +1 hat of see invisible (worn)
 x - a +1 pair of boots (worn)
 z - a +2 cloak (worn)
 F - a +2 pair of gloves of strength (worn)
 P - a +1 large shield of protection (worn)
 U - the +5 scale mail "Ofunopua" (worn) {+Inv MR+ Str+3}
   (You found it in the Dungeon)

   It affects your strength (+3).
   It affects your resistance to hostile enchantments.
   It lets you turn invisible.
Magical Staves
 N - an uncursed staff of poison
Jewellery
 u - the ring of the Sybil (right hand) {Str+2 Int+2 Dex+6 Slay+4}
   (You found it in the Dungeon)

   [ring of dexterity]

   It affects your strength (+2).
   It affects your intelligence (+2).
   It affects your dexterity (+6).
   It affects your accuracy and damage with ranged weapons and melee attacks
   (+4).
 L - the ring "Moph" (left hand) {rF+++ rC+ Str+8 Int-2 Dex-2}
   (You found it in the Dungeon)

   [ring of protection from cold]

   It affects your strength (+8).
   It affects your intelligence (-2).
   It affects your dexterity (-2).
   It renders you almost immune to fire.
   It protects you from cold.
 Y - the amulet "Aklad" (around neck) {rC+ Regen+}
   (You found it in the Dungeon)

   [amulet of regeneration]

   It protects you from cold.
   It increases your rate of regeneration.
Wands
 d - a wand of polymorph (11)
 E - a wand of iceblast (10)
Scrolls
 k - 2 scrolls of magic mapping
 m - 13 scrolls of remove curse
 n - 6 scrolls of amnesia
 o - a scroll of summoning
 D - 4 scrolls of fog
 H - 2 scrolls of fear
 I - 9 scrolls of identify
Potions
 b - 3 potions of might
 c - a potion of lignification
 e - 13 potions of curing
 h - 10 potions of haste
 i - 5 potions of magic
 j - 8 potions of berserk rage
 v - 3 potions of brilliance
 w - 3 potions of resistance
 G - 3 potions of agility
Comestibles
 f - 9 rations


   Skills:
 O Level 27 Fighting
 + Level 8.2(9.7) Short Blades
 + Level 8.2(9.8) Long Blades
 + Level 13.7(21.3) Axes
 O Level 27 Maces & Flails
 + Level 8.3(12.9) Polearms
 + Level 9.0(20.6) Staves
 + Level 9.1 Bows
 + Level 5.5 Crossbows
 O Level 27 Throwing
 O Level 27 Armour
 O Level 27 Dodging
 O Level 27 Stealth
 O Level 27 Shields
 + Level 12.8 Unarmed Combat
 O Level 27 Spellcasting
 + Level 4.2 Hexes
 + Level 12.9 Charms
 + Level 4.2 Summonings
 + Level 4.2 Translocations
 O Level 27 Invocations
 O Level 27 Evocations


You had 71 spell levels left.
You knew the following spells:

 Your Spells              Type           Power        Failure   Level  Hunger
a - Apportation           Tloc           ###...       1%          1    None
b - Confusing Touch       Hex            ###...       1%          1    None
c - Summon Small Mammal   Summ           ###.         1%          1    None
d - Spectral Weapon       Hex/Chrm       ####....     1%          3    None


Dungeon Overview and Level Annotations

Branches:
Dungeon (1/1)

Altars:
Ashenzari
Cheibriados
Dithmenos
Elyvilon
Fedhas
Gozag
Hepliaklqana
Kikubaaqudgha
Makhleb
Nemelex Xobeh
Okawaru
Qazlal
Ru
Sif Muna
Trog
Uskayaw
Vehumet
Wu Jian
Xom
Yredelemnul
Zin
The Shining One
Beogh
Jiyva
Lugonu


Innate Abilities, Weirdness & Mutations

You are resistant to torment.
Your stone body is resilient. (AC +18)
You are immune to poison.
Your large and strong wings let you fly indefinitely.
You resist negative energy. (rN+)
You are resistant to electric shocks. (rElec)
You can survive without breathing.
You are immune to petrification.
You are immune to rotting.
You have very sharp teeth.
You have large cloven feet.
Scrolls take you a little longer to read.
You are robust. (+10% HP)
Your spells are a little easier to cast, but a little less powerful.


Message History

You block the angel's attack. The angel misses you.
You block the orange demon's attack. The orange demon barely misses you.
You block the angel's attack. x2; You block the red devil's attack.
Unknown command.
You block Hoyged's attack. You block the orange demon's attack.
Hoyged hits you but does no damage. You block the orange demon's attack.
There is an open door, spattered with blood here.
Unknown command.
The seraph shouts a warning to its allies!
You block the daeva's attack. The daeva barely misses you.
There is a staircase leading out of the dungeon here.
Unknown command.
Wield which item (- for none, * to show all)? (? for menu, Esc to quit)
Okay, then.
Unknown command.
Unknown command.
You block the red devil's attack. You block the orange demon's attack.
The cherub sings a powerful hymn!
The angels go into a battle-frenzy!
You have escaped!

##..)))#).#....A....#...))...##'#
#####''#''#####A#####''#''#####[#
##....(......................##'#
##.....#.......AA......#.....##.#
##..#.)...#..#...#..#...).#..##'#
##.....#......4A445...)#)....##.#
##..).........44.4...))).....##'#
#####''#''#####A#####'+#''#####.#
''...[.#..#<<<<.@<<<#).)))...##'#
''...).#..#<<<<.<<<<#........##)#
###############################'#
###############################'#
........[.....).................#
...([..[[..[[...........)).)[...#
##############''##############..#
#))+...+))#........#[[+[..+[[#..#
#))#...#))#........#[[#...#[[#..#


You could see a daeva, 2 angels, a cherub, an orange demon and 2 red devils.

Vanquished Creatures
  Asmodeus (D)
  Ignacio (D)
  the Serpent of Hell (D)
  Gloorx Vloq (D)
  A seraph (D)
  An orb of fire (D)
  Mara (D)
  10 ancient liches (D)
  Mennas (D)
  Boris (D)
  11 greater mummies (D)
  the Lernaean hydra (D)
  Margery (D)
  3 curse toes (D)
  Xtahua (D)
  7 pandemonium lords (D)
  Saint Roka (D)
  A golden dragon (D)
  A profane servitor (D)
  Jory (D)
  8 Brimstone Fiends (D)
  3 bone dragons (D)
  3 pearl dragons (D)
  13 liches (D)
  6 Tzitzimimeh (D)
  3 hellephants (D)
  3 electric golems (D)
  5 Hell Sentinels (D)
  A tentacled monstrosity (D)
  3 deep elf blademasters (D)
  28 Orb Guardians (D)
  An acid blob (D)
  9 titans (D)
  3 quicksilver dragons (D)
  4 sphinxes (D)
  Murray (D)
  3 Executioners (D)
  A deep elf master archer (D)
  Gastronok (D)
  A draconian monk (D)
  4 shadow dragons (D)
  3 storm dragons (D)
  3 draconian knights (D)
  5 nagarajas (D)
  2 emperor scorpions (D)
  6 fire giants (D)
  A ghost moth (D)
  4 daevas (D)
  4 frost giants (D)
  6 iron dragons (D)
  2 deep elf sorcerers (D)
  4 balrugs (D)
  3 angels (D)
  3 orc warlords (D)
  A draconian shifter (D)
  5 draconian annihilators (D)
  A spriggan defender (D)
  2 draconian stormcallers (D)
  7 ghouls (D)
  2 reapers (D)
  3 stone giants (D)
  3 green draconians (D)
  2 deep elf demonologists (D)
  An ophan (D)
  5 apis (D)
  3 white draconians (D)
  Nessos (D)
  4 red draconians (D)
  A deep elf annihilator (D)
  9 vampire knights (D)
  4 yellow draconians (D)
  A black draconian (D)
  A lorocyproca (D)
  5 dire elephants (D)
  3 purple draconians (D)
  An eidolon (D)
  An ettin (D)
  Snorg (D)
  4 mummy priests (D)
  4 green deaths (D)
  A merfolk javelineer (D)
  3 blizzard demons (D)
  A minotaur (D)
  A death ooze (D)
  2 deep elf death magi (D)
  A yaktaur captain (D)
  A deep elf high priest (D)
  3 great orbs of eyes (D)
  2 naga warriors (D)
  A hell beast (D)
  3 vault guards (D)
  6 ice dragons (D)
  2 rakshasas (D)
  A spriggan air mage (D)
  An ogre mage (D)
  4 catoblepae (D)
  7 hydras (D)
  A death knight (D)
  An anaconda (D)
  A merfolk avatar (D)
  2 two-headed ogres (D)
  A dancing weapon (D)
  4 death yaks (D)
  A vampire mage (D)
  3 hell hogs (D)
  2 spriggan berserkers (D)
  7 sun demons (D)
  A soul eater (D)
  3 hell knights (D)
  Sonja (D)
  4 deep elf knights (D)
  2 sixfirhies (D)
  3 fire crabs (D)
  A spriggan druid (D)
  A death drake (D)
  A gelid demonspawn (D)
  A wizard (D)
  2 cherubim (D)
  5 skeletal warriors (D)
  A deep troll (shapeshifter) (D)
  2 unseen horrors (D)
  An infernal demonspawn (D)
  8 lindwurms (D)
  2 deep elf archers (D)
  9 orc knights (D)
  2 large abominations (D)
  7 swamp dragons (D)
  A necromancer (D)
  3 harpies (D)
  A manticore (D)
  An ugly thing (D)
  A moth of wrath (D)
  8 elephants (D)
  A black mamba (D)
  2 guardian serpents (D)
  2 rust devils (D)
  A molten gargoyle (D)
  An eye of devastation (D)
  2 smoke demons (D)
  2 gargoyles (D)
  2 naga magi (D)
  An orange demon (D)
  2 kobold demonologists (D)
  2 hellions (D)
  5 rime drakes (D)
  4 ice devils (D)
  2 tormentors (D)
  A guardian mummy (D)
  7 komodo dragons (D)
  5 yaktaurs (D)
  A hellwing (D)
  3 red devils (D)
  A troll (D)
  A jumping spider (D)
  3 merfolk (D)
  2 hornets (D)
  5 blink frogs (D)
  3 tarantellas (D)
  A vampire (D)
  A shadow (D)
  6 wyverns (D)
  2 ynoxinuls (D)
  A spriggan (D)
  10 yaks (D)
  A fire bat (D)
  A golden eye (D)
  2 chaos spawn (D)
  A small abomination (D)
  4 basilisks (D)
  3 steam dragons (D)
  2 neqoxecs (D)
  4 acid dragons (D)
  Duvessa (D)
  3 floating eyes (D)
  10 hell hounds (D)
  A sky beast (D)
  A black bear (D)
  6 orc warriors (D)
  3 swamp drakes (D)
  2 eyes of draining (D)
  3 necrophages (D)
  An ogre (D)
  A crocodile (D)
  2 centaurs (D)
  A big kobold (D)
  2 gnoll sergeants (D)
  Dowan (D)
  2 crimson imps (D)
  3 quasits (D)
  An iron imp (D)
  An orc wizard (D)
  Crazy Yiuf (D)
  2 orc priests (D)
  A jelly (D)
  3 adders (D)
  7 gnolls (D)
  An ufetubus (D)
  3 adder zombies (D)
  3 adder skeletons (D)
  6 adder simulacra (D)
  A leopard gecko (D)
  16 orcs (D)
  2 bats (D)
  2 bat skeletons (D)
  4 bat zombies (D)
  A goblin (D)
  2 hobgoblins (D)
  2 ball python skeletons (D)
  A bat simulacrum (D)
  A frilled lizard (D)
  2 giant cockroach simulacra (D)
  2 giant cockroach zombies (D)
  2 kobolds (D)
  A leopard gecko skeleton (D)
  A leopard gecko zombie (D)
  A quokka simulacrum (D)
  A quokka skeleton (D)
  2 rats (D)
623 creatures vanquished.

Vanquished Creatures (collateral kills)
  An Orb Guardian (D)
  An acid blob (D)
  A fire giant (D)
  A green draconian (D)
4 creatures vanquished.

Vanquished Creatures (others)
  A greater mummy (D)
  A draconian monk (D)
  A draconian shifter (D)
  A death knight (D)
  An adder zombie (D)
  An orc (D)
  2 bat skeletons (D)
  A bat zombie (D)
  A bat simulacrum (D)
10 creatures vanquished.

Grand Total: 637 creatures vanquished

Notes
Turn   | Place    | Note
-------+----------+-------------------------------------------
     0 | D        | Kidiri the Gargoyle Gladiator began the quest for the Orb.
     0 | D        | Reached XP level 1. HP: 12/12 MP: 1/1
    28 | D        | Noticed a floating eye
    31 | D        | Killed a floating eye
    31 | D        | Reached skill level 5 in Fighting
    31 | D        | Reached skill level 5 in Maces & Flails
    31 | D        | Reached XP level 2. HP: 21/21 MP: 2/2
    31 | D        | Reached XP level 3. HP: 26/26 MP: 3/3
    31 | D        | Reached XP level 4. HP: 31/31 MP: 4/4
    65 | D        | Found a bloodstained altar of Trog.
    65 | D        | Found a deep blue altar of Sif Muna.
    65 | D        | Found a viscous altar of Jiyva.
    65 | D        | Found a hazy altar of Hepliaklqana.
    65 | D        | Found an opulent altar of Gozag.
    66 | D        | Found a glowing golden altar of the Shining One.
    66 | D        | Found a glowing silver altar of Zin.
    66 | D        | Found a basalt altar of Yredelemnul.
    66 | D        | Found a shimmering altar of Xom.
    66 | D        | Found an ornate altar of the Wu Jian Council.
    66 | D        | Found a sacrificial altar of Ru.
    66 | D        | Found a stormy altar of Qazlal.
    66 | D        | Found an iron altar of Okawaru.
    66 | D        | Found a sparkling altar of Nemelex Xobeh.
    66 | D        | Found a burning altar of Makhleb.
    66 | D        | Found a blossoming altar of Fedhas.
    66 | D        | Found a white marble altar of Elyvilon.
    66 | D        | Found a shadowy altar of Dithmenos.
    66 | D        | Found a snail-covered altar of Cheibriados.
    69 | D        | Found a corrupted altar of Lugonu.
    69 | D        | Found a radiant altar of Vehumet.
    69 | D        | Found a roughly hewn altar of Beogh.
    70 | D        | Found an ancient bone altar of Kikubaaqudgha.
    70 | D        | Found a hide-covered altar of Uskayaw.
    70 | D        | Found a shattered altar of Ashenzari.
    74 | D        | Became a worshipper of Warmaster Okawaru
   160 | D        | Reached XP level 5. HP: 35/35 MP: 5/5
   165 | D        | Reached skill level 1 in Invocations
   277 | D        | Noticed a necrophage
   296 | D        | Killed a necrophage
   296 | D        | Reached skill level 5 in Dodging
   296 | D        | Reached XP level 6. HP: 42/42 MP: 5/7
   338 | D        | Reached * piety under Okawaru
   365 | D        | Reached skill level 5 in Armour
   390 | D        | Noticed a sky beast
   394 | D        | Killed a sky beast
   394 | D        | Reached XP level 7. HP: 46/49 MP: 6/10
   425 | D        | Noticed a smoke demon
   430 | D        | Killed a smoke demon
   430 | D        | Reached ** piety under Okawaru
   430 | D        | Reached skill level 5 in Throwing
   517 | D        | Noticed Duvessa
   517 | D        | Noticed Dowan
   530 | D        | Killed Duvessa
   530 | D        | Reached skill level 5 in Invocations
   530 | D        | Reached XP level 8. HP: 45/56 MP: 9/11
   532 | D        | Killed Dowan
   672 | D        | Noticed a yak
   672 | D        | Noticed a yak
   672 | D        | Noticed a yak
   672 | D        | Noticed a yak
   672 | D        | Noticed a yak
   672 | D        | Noticed a lindwurm
   673 | D        | Noticed a yak
   679 | D        | Killed a yak
   692 | D        | Killed a lindwurm
   692 | D        | Reached *** piety under Okawaru
   692 | D        | Received a gift from Okawaru
   692 | D        | Reached skill level 10 in Fighting
   699 | D        | Killed a yak
   699 | D        | Reached skill level 10 in Maces & Flails
   699 | D        | Reached XP level 9. HP: 36/63 MP: 11/13
   714 | D        | Reached **** piety under Okawaru
   984 | D        | Noticed a gargoyle
   988 | D        | Killed a gargoyle
   988 | D        | Received a gift from Okawaru
  1106 | D        | Noticed a two-headed ogre
  1116 | D        | Noticed Crazy Yiuf
  1116 | D        | Received a gift from Okawaru
  1119 | D        | Noticed a two-headed ogre
  1121 | D        | Killed a two-headed ogre
  1121 | D        | Reached XP level 10. HP: 61/71 MP: 13/15
  1125 | D        | Killed a two-headed ogre
  1125 | D        | Reached skill level 10 in Dodging
  1129 | D        | Killed Crazy Yiuf
  1257 | D        | Noticed a gargoyle
  1271 | D        | Killed a gargoyle
  1271 | D        | Received a gift from Okawaru
  1300 | D        | Noticed a kobold demonologist
  1300 | D        | Noticed a kobold demonologist
  1302 | D        | Killed a kobold demonologist
  1314 | D        | Killed an unseen horror
  1314 | D        | Reached ***** piety under Okawaru
  1314 | D        | Received a gift from Okawaru
  1320 | D        | Killed a kobold demonologist
  1376 | D        | Reached XP level 11. HP: 78/78 MP: 9/17
  1549 | D        | Noticed a lindwurm
  1557 | D        | Reached skill level 10 in Armour
  1564 | D        | Noticed a nagaraja
  1573 | D        | Killed a lindwurm
  1576 | D        | Received a gift from Okawaru
  1599 | D        | Killed a nagaraja
  1599 | D        | Received a gift from Okawaru
  1599 | D        | Reached skill level 10 in Invocations
  1623 | D        | Noticed a sun demon
  1632 | D        | Killed a sun demon
  1632 | D        | Received a gift from Okawaru
  1874 | D        | Noticed a lindwurm
  1874 | D        | Noticed Sonja
  1880 | D        | Killed an unseen horror
  1900 | D        | Killed a lindwurm
  1900 | D        | Reached skill level 15 in Fighting
  1906 | D        | Reached XP level 12. HP: 48/87 MP: 13/19
  1920 | D        | Killed Sonja
  2313 | D        | Noticed a sun demon
  2319 | D        | Killed a sun demon
  2323 | D        | Reached skill level 10 in Throwing
  2329 | D        | Noticed Gastronok
  2345 | D        | Killed Gastronok
  2345 | D        | Received a gift from Okawaru
  2345 | D        | Received a gift from Okawaru
  2396 | D        | Reached skill level 15 in Maces & Flails
  2676 | D        | Noticed a death yak
  2676 | D        | Noticed a death yak
  2676 | D        | Noticed a death yak
  2676 | D        | Noticed a red draconian knight
  2676 | D        | Noticed an angel
  2676 | D        | Noticed a nagaraja
  2692 | D        | Killed a death yak
  2692 | D        | Received a gift from Okawaru
  2695 | D        | Killed a red draconian knight
  2705 | D        | Killed an angel
  2705 | D        | Reached XP level 13. HP: 76/95 MP: 15/21
  2723 | D        | Killed a nagaraja
  2944 | D        | Noticed an emperor scorpion
  2947 | D        | Received a gift from Okawaru
  2949 | D        | Noticed a great orb of eyes
  2953 | D        | Noticed an emperor scorpion
  2971 | D        | Killed an emperor scorpion
  2972 | D        | Noticed a rakshasa
  2982 | D        | Killed a rakshasa
  2982 | D        | Received a gift from Okawaru
  2989 | D        | Noticed a fire giant
  3002 | D        | Killed a fire giant
  3005 | D        | Killed an emperor scorpion
  3005 | D        | Received a gift from Okawaru
  3007 | D        | Paralysed by a great orb of eyes for 7 turns
  3014 | D        | Noticed a spriggan defender
  3020 | D        | Killed a great orb of eyes
  3035 | D        | Killed a spriggan defender
  3035 | D        | Received a gift from Okawaru
  3067 | D        | Got an iridescent demon whip {god gift}
  3068 | D        | Identified the +6 demon whip "Ikleot" {freeze, rPois Stlth+} (Okawaru gifted it to you in the Dungeon)
  3134 | D        | Gained mutation: Your large and strong wings let you fly indefinitely. [Gargoyle growth]
  3134 | D        | Reached XP level 14. HP: 30/104 MP: 22/24
  3536 | D        | Noticed an orc warlord
  3536 | D        | Noticed an orc warlord
  3541 | D        | Reached skill level 15 in Dodging
  3548 | D        | Reached skill level 1 in Shields
  3566 | D        | Received a gift from Okawaru
  3571 | D        | Killed an orc warlord
  3582 | D        | Reached ****** piety under Okawaru
  3593 | D        | Killed an orc warlord
  3679 | D        | Noticed a deep elf blademaster
  3699 | D        | Killed a deep elf blademaster
  3709 | D        | Noticed a deep elf sorcerer
  3720 | D        | Reached skill level 15 in Armour
  3729 | D        | Killed a deep elf sorcerer
  3729 | D        | Reached skill level 5 in Shields
  3843 | D        | Noticed a daeva
  3849 | D        | Received a gift from Okawaru
  3878 | D        | Killed a daeva
  3930 | D        | Got the +5 scale mail "Ofunopua" {+Inv MR+ Str+3}
  4131 | D        | Killed a ghost moth
  4133 | D        | Noticed an apis
  4140 | D        | Killed an apis
  4140 | D        | Received a gift from Okawaru
  4140 | D        | Reached skill level 1 in Evocations
  4149 | D        | Noticed an electric golem
  4156 | D        | Killed an electric golem
  4156 | D        | Reached XP level 15. HP: 98/112 MP: 13/26
  4220 | D        | Noticed a lich
  4226 | D        | Killed a lich
  4229 | D        | Noticed an electric golem
  4236 | D        | Killed an electric golem
  4248 | D        | Noticed an acid blob
  4248 | D        | Noticed a frost giant
  4248 | D        | Noticed a balrug
  4248 | D        | Noticed a frost giant
  4365 | D        | Received a gift from Okawaru
  4398 | D        | Reached skill level 15 in Invocations
  4422 | D        | Received a gift from Okawaru
  4438 | D        | Noticed Margery
  4459 | D        | Killed Margery
  4471 | D        | Noticed Snorg
  4480 | D        | Killed Snorg
  4489 | D        | Noticed Saint Roka
  4496 | D        | Noticed a deep elf blademaster
  4496 | D        | Noticed a curse toe
  4498 | D        | Killed a deep elf blademaster
  4509 | D        | Killed Saint Roka
  4509 | D        | Reached skill level 5 in Evocations
  4542 | D        | Killed a curse toe
  4542 | D        | Received a gift from Okawaru
  4702 | D        | Noticed a daeva
  4709 | D        | Noticed a fire giant
  4721 | D        | Killed a daeva
  4728 | D        | Killed a fire giant
  5069 | D        | Noticed the 27-headed Lernaean hydra
  5071 | D        | Noticed Nessos
  5083 | D        | Killed the 27-headed Lernaean hydra
  5083 | D        | Received a gift from Okawaru
  5083 | D        | Reached skill level 10 in Shields
  5083 | D        | Reached XP level 16. HP: 96/122 MP: 20/28
  5104 | D        | Noticed a sphinx
  5104 | D        | Noticed a green draconian monk
  5105 | D        | Killed Nessos
  5119 | D        | Killed a green draconian monk
  5123 | D        | Killed a sphinx
  5123 | D        | Received a gift from Okawaru
  5149 | D        | Got a polished eveningstar {god gift}
  5150 | D        | Identified the +11 eveningstar "Poophao" {drain, rN+++ Int+9} (Okawaru gifted it to you in the Dungeon)
  5226 | D        | Noticed a storm dragon
  5227 | D        | Noticed a hellephant
  5228 | D        | Noticed Jory
  5259 | D        | Killed a storm dragon
  5262 | D        | Killed a hellephant
  5296 | D        | Killed Jory
  5998 | D        | Killed an acid blob
  6004 | D        | Reached skill level 15 in Throwing
  6089 | D        | Noticed a titan
  6093 | D        | Killed a titan
  6102 | D        | Noticed a hellephant
  6114 | D        | Killed a hellephant
  6401 | D        | Noticed a greater mummy
  6415 | D        | Killed a greater mummy
  6415 | D        | Received a gift from Okawaru
  6415 | D        | Reached XP level 17. HP: 131/131 MP: 22/29
  6530 | D        | Noticed a titan
  6537 | D        | Killed a titan
  6544 | D        | Noticed Mara
  6548 | D        | Noticed Kidiri's illusion
  6618 | D        | Killed Mara
  6907 | D        | Noticed an ancient lich
  6922 | D        | Killed an ancient lich
  6922 | D        | Reached skill level 10 in Evocations
  6936 | D        | Noticed an Executioner
  6941 | D        | Killed an Executioner
  6947 | D        | Noticed Hahafrar the pandemonium lord
  6962 | D        | Killed Hahafrar the pandemonium lord
  7197 | D        | Noticed a Tzitzimitl
  7213 | D        | Killed a Tzitzimitl
  7438 | D        | Noticed an Executioner
  7446 | D        | Killed an Executioner
  7448 | D        | Noticed a hellephant
  7455 | D        | Killed a hellephant
  7483 | D        | Noticed an ancient lich
  7506 | D        | Killed an ancient lich
  7506 | D        | Received a gift from Okawaru
  7537 | D        | Noticed Murray
  7563 | D        | Killed Murray
  7573 | D        | Noticed a curse toe
  7577 | D        | Killed a curse toe
  7577 | D        | Received a gift from Okawaru
  7602 | D        | Reached XP level 18. HP: 111/141 MP: 26/31
  7604 | D        | Noticed a greater mummy
  7611 | D        | Killed a greater mummy
  7611 | D        | Received a gift from Okawaru
  7810 | D        | Noticed a Tzitzimitl
  7827 | D        | Killed a Tzitzimitl
  7829 | D        | Noticed a Brimstone Fiend
  7834 | D        | Killed a Brimstone Fiend
  7834 | D        | Reached skill level 15 in Shields
  7844 | D        | Noticed a Brimstone Fiend
  7851 | D        | Killed a Brimstone Fiend
  7944 | D        | Noticed a Tzitzimitl
  7953 | D        | Killed a Tzitzimitl
  7955 | D        | Noticed Boris
  7965 | D        | Killed Boris
  8196 | D        | Noticed a quicksilver dragon
  8201 | D        | Killed a quicksilver dragon
  8203 | D        | Noticed a Tzitzimitl
  8217 | D        | Killed a Tzitzimitl
  8217 | D        | Received a gift from Okawaru
  8220 | D        | Got a fine mace {god gift}
  8221 | D        | Identified the +3 mace of the Trees {drain, rElec rN+} (Okawaru gifted it to you in the Dungeon)
  8229 | D        | Noticed an electric golem
  8246 | D        | Killed an electric golem
  8251 | D        | Noticed an ancient lich
  8263 | D        | Killed an ancient lich
  8368 | D        | Noticed a titan
  8372 | D        | Killed a titan
  8375 | D        | Noticed a Brimstone Fiend
  8380 | D        | Killed a Brimstone Fiend
  8386 | D        | Noticed an ancient lich
  8392 | D        | Killed an ancient lich
  8392 | D        | Received a gift from Okawaru
  8396 | D        | Noticed a Brimstone Fiend
  8430 | D        | Noticed Asmodeus
  9032 | D        | Noticed a golden dragon
  9065 | D        | Killed a golden dragon
  9070 | D        | Reached XP level 19. HP: 145/150 MP: 27/33
  9095 | D        | Reached skill level 27 in Fighting
  9149 | D        | Received a gift from Okawaru
  9205 | D        | Gained mutation: Scrolls take you a little longer to read. [mutagenic glow]
  9265 | D        | Lost mutation: Scrolls take you a little longer to read. [potion of mutation]
  9265 | D        | Gained mutation: You are robust. (+10% HP) [potion of mutation]
  9265 | D        | Gained mutation: You have a pair of small horns on your head. [potion of mutation]
  9265 | D        | Gained mutation: You are agile. (Dex +2) [potion of mutation]
  9296 | D        | Got a silver rune of Zot
  9626 | D        | Noticed a lich
  9626 | D        | Noticed an ancient lich
  9626 | D        | Noticed a greater mummy
  9626 | D        | Noticed a greater mummy
  9626 | D        | Noticed an ancient lich
  9626 | D        | Noticed a lich
  9626 | D        | Noticed a lich
  9626 | D        | Noticed a bone dragon
  9626 | D        | Noticed a bone dragon
  9626 | D        | Noticed a greater mummy
  9629 | D        | Noticed a lich
  9669 | D        | Killed a greater mummy
  9680 | D        | Killed a bone dragon
  9680 | D        | Received a gift from Okawaru
  9686 | D        | Killed a lich
  9701 | D        | Killed a bone dragon
  9701 | D        | Received a gift from Okawaru
  9707 | D        | Killed a lich
  9716 | D        | Killed a lich
  9716 | D        | Received a gift from Okawaru
  9728 | D        | Killed a greater mummy
  9728 | D        | Reached skill level 15 in Evocations
 10082 | D        | Killed a greater mummy
 10405 | D        | Killed a lich
 10406 | D        | Noticed a greater mummy
 10438 | D        | Killed an ancient lich
 10438 | D        | Received a gift from Okawaru
 10438 | D        | Reached skill level 27 in Maces & Flails
 10447 | D        | Noticed a Brimstone Fiend
 10553 | D        | Killed a greater mummy
 10553 | D        | Reached skill level 27 in Armour
 10594 | D        | Killed a greater mummy
 10796 | D        | Killed a Brimstone Fiend
 10796 | D        | Reached XP level 20. HP: 79/172 MP: 35/35
 10797 | D        | Noticed a lich
 10800 | D        | Killed a lich
 11043 | D        | Noticed a greater mummy
 11063 | D        | Killed a greater mummy
 11070 | D        | Noticed a greater mummy
 11072 | D        | Noticed a bone dragon
 11082 | D        | Killed an ancient lich
 11117 | D        | Killed a greater mummy
 11257 | D        | Killed a bone dragon
 11257 | D        | Received a gift from Okawaru
 11301 | D        | Received a gift from Okawaru
 11341 | D        | Received a gift from Okawaru
 11405 | D        | Noticed an ancient lich
 11414 | D        | Noticed a greater mummy
 11429 | D        | Paralysed by an ancient lich for 2 turns
 11440 | D        | Killed an ancient lich
 11471 | D        | Killed a greater mummy
 11810 | D        | Paralysed by a vampire knight for 2 turns
 11870 | D        | Got a golden rune of Zot
 12099 | D        | Fell from the grace of Okawaru
 12099 | D        | Became a worshipper of the Shining One
 12118 | D        | Lost mutation: You are agile. (Dex +2) [potion of mutation]
 12118 | D        | Lost mutation: You have a pair of small horns on your head. [potion of mutation]
 12118 | D        | Lost mutation: You are robust. (+10% HP) [potion of mutation]
 12118 | D        | Gained mutation: You do not regenerate when monsters are visible. [potion of mutation]
 12118 | D        | Gained mutation: You are resistant to hostile enchantments. (MR+) [potion of mutation]
 12252 | D        | Noticed a Brimstone Fiend
 12271 | D        | Killed Asmodeus
 12271 | D        | Reached XP level 21. HP: 69/163 MP: 37/37
 12622 | D        | Got the amulet "Foxisomp" {Harm *Drain +Inv rElec Str-2 Stlth+}
 12903 | D        | Reached * piety under the Shining One
 13067 | D        | Got the ring "Paimadus" {*Contam rC+ Str+4 Dex-3}
 13072 | D        | Got the ring "Xaoqael" {rF+ rN+}
 13074 | D        | Got the ring "Xoets" {+Blink rN+ MR+ Int+3}
 13076 | D        | Got an iron rune of Zot
 13079 | D        | Got the ring of Sin {rElec rPois Str+4}
 13081 | D        | Got the amulet "Aklad" {rC+ Regen+}
 13085 | D        | Got the ring of Kobaisut {+Fly Dex+3}
 13365 | D        | Reached ** piety under the Shining One
 13373 | D        | Reached skill level 27 in Dodging
 13378 | D        | Noticed an ancient lich
 13378 | D        | Reached *** piety under the Shining One
 13386 | D        | Reached **** piety under the Shining One
 13403 | D        | Killed an ancient lich
 13426 | D        | Reached ***** piety under the Shining One
 13436 | D        | Reached ****** piety under the Shining One
 13658 | D        | Got the ring "Tumnurghi" {MP+9 Dex+6}
 13660 | D        | Got the ring "Woihi" {+Inv rN+}
 13662 | D        | Got the ring of Moderation {MR+ Int+3}
 13664 | D        | Got the ring of Ysunef {Ice rPois MR+ Int+2}
 13666 | D        | Got the ring "Repe" {+Blink rF+ Str+4 Int+6}
 13668 | D        | Got the ring of Ishy {+Fly EV+6 Int+4}
 13670 | D        | Got the ring "Leupn" {+Blink rF- rC+ Str-5 Dex+9}
 13674 | D        | Got the ring "Filerch" {rElec rPois rC+}
 13676 | D        | Got the ring "Kaor" {EV+6 Stlth+}
 13699 | D        | Identified a +3 morningstar of holy wrath (a +1 morningstar of freezing blessed by the Shining One)
 13699 | D        | Received a gift from the Shining One
 13702 | D        | Got the ring of Fatigue {rN+ Int+2 Dex+6 Stlth+}
 13704 | D        | Got the ring of the Sybil {Str+2 Int+2 Dex+6 Slay+4}
 13707 | D        | Got the ring "Moph" {rF+++ rC+ Str+8 Int-2 Dex-2}
 14112 | D        | Lost mutation: You do not regenerate when monsters are visible. [potion of mutation]
 14112 | D        | Lost mutation: You are resistant to hostile enchantments. (MR+) [potion of mutation]
 14112 | D        | Gained mutation: You are partially covered in molten scales. (AC +2) [potion of mutation]
 14112 | D        | Gained mutation: Your magical capacity is low. (-10% MP) [potion of mutation]
 14112 | D        | Gained mutation: You have sharp toenails. [potion of mutation]
 14113 | D        | Lost mutation: Your magical capacity is low. (-10% MP) [potion of mutation]
 14113 | D        | Lost mutation: You have sharp toenails. [potion of mutation]
 14113 | D        | Lost mutation: You are partially covered in molten scales. (AC +2) [potion of mutation]
 14113 | D        | Gained mutation: Scrolls take you a little longer to read. [potion of mutation]
 14113 | D        | Gained mutation: Your flesh is cold resistant. (rC+) [potion of mutation]
 14113 | D        | Gained mutation: Your muscles are strong. (Str +2) [potion of mutation]
 14126 | D        | Got the ring of Furgho Nuts {rF+ Int+9}
 14128 | D        | Got the ring of Fatigue {Ice rElec Int+4}
 14130 | D        | Got the amulet "Milok" {*Slow rF+ MR+ Regen+}
 14132 | D        | Got the amulet "Zuniquv" {Faith rElec Dex-3 SInv}
 14134 | D        | Got the ring of Dithmenos's Generosity {Fire *Slow +Fly Dex+3 SInv}
 14136 | D        | Got the amulet "Dehiyph" {+Rage rC+ Str+2 Int-4}
 14138 | D        | Got the amulet of Qyineimn {Spirit +Inv Dex+3}
 14140 | D        | Got the amulet "Tuoreuza" {Spirit rF+}
 14142 | D        | Got the ring "Obyjomp" {rCorr +Inv rElec MR-}
 14161 | D        | Got the amulet "Byiroaf" {Spirit MR+ Str-3 Dex+5}
 14163 | D        | Got the amulet "Vilycyha" {Reflect rElec rPois Str-5 SH+5}
 14165 | D        | Got the ring of the Establishment {MR+ Slay+5}
 14167 | D        | Got the amulet "Debewod" {Reflect rF++ Int-2 SH+4}
 14511 | D        | Noticed Xtahua
 14512 | D        | Noticed the Serpent of Hell
 14517 | D        | Killed Xtahua
 14517 | D        | Reached skill level 1 in Spellcasting
 14519 | D        | Noticed a greater mummy
 14522 | D        | Noticed a golden dragon
 14545 | D        | Killed the Serpent of Hell
 14545 | D        | Reached skill level 5 in Spellcasting
 14551 | D        | Killed a greater mummy
 14551 | D        | Reached skill level 27 in Shields
 14567 | D        | Reached skill level 27 in Invocations
 14689 | D        | Noticed a profane servitor
 14707 | D        | Killed a profane servitor
 14709 | D        | Reached skill level 10 in Spellcasting
 14850 | D        | Noticed a curse toe
 14857 | D        | Killed a curse toe
 14857 | D        | Reached XP level 22. HP: 134/169 MP: 37/39
 14912 | D        | Lost mutation: Your muscles are strong. (Str +2) [potion of mutation]
 14912 | D        | Lost mutation: Your flesh is cold resistant. (rC+) [potion of mutation]
 14912 | D        | Gained mutation: You have very sharp teeth. [potion of mutation]
 14912 | D        | Gained mutation: You have large cloven feet. [potion of mutation]
 14912 | D        | Gained mutation: You are robust. (+10% HP) [potion of mutation]
 14919 | D        | Got the ring of Xom's Approval {rF+ Dex+4}
 14921 | D        | Got the ring "Laock" {Wiz Dex+2}
 14923 | D        | Got the ring of Ascent {Fire Slay+2}
 14925 | D        | Got the amulet of Orphoas {Faith Int+3 Dex+3}
 14927 | D        | Got the ring of Vomop {EV+1 Int+3}
 14929 | D        | Got the ring "Bomatho" {rC+ rN+ MR+ Str-4 SInv}
 14931 | D        | Got the ring "Zahymies" {rN+ Int+4}
 14933 | D        | Got the ring "Xiexi" {Str+4 Dex+2 Slay+1 Stlth+}
 15159 | D        | Paralysed by a floating eye for 3 turns
 15170 | D        | Reached skill level 15 in Spellcasting
 15223 | D        | Reached skill level 27 in Throwing
 15383 | D        | Noticed Ecsaat the pandemonium lord
 15383 | D        | Noticed Gloorx Vloq
 15389 | D        | Noticed Diora the pandemonium lord
 15393 | D        | Killed Gloorx Vloq
 15393 | D        | Reached skill level 27 in Evocations
 15399 | D        | Killed Diora the pandemonium lord
 15403 | D        | Killed Ecsaat the pandemonium lord
 15573 | D        | Reached XP level 23. HP: 178/192 MP: 51/51
 15594 | D        | Noticed Ahiracewu the pandemonium lord
 15598 | D        | Noticed Ignacio
 15606 | D        | Killed Ahiracewu the pandemonium lord
 15608 | D        | Noticed an ancient lich
 15618 | D        | Noticed a greater mummy
 15625 | D        | Killed an ancient lich
 15636 | D        | Noticed an ancient lich
 15636 | D        | Noticed Mennas
 15636 | D        | Killed Ignacio
 15636 | D        | Reached skill level 27 in Spellcasting
 15641 | D        | Reached skill level 10 in Axes
 15641 | D        | Reached skill level 10 in Charms
 15643 | D        | Reached skill level 10 in Stealth
 15659 | D        | Killed an ancient lich
 15665 | D        | Killed a greater mummy
 15680 | D        | Killed Mennas
 15877 | D        | Noticed an orb of fire
 15879 | D        | Gained mutation: Your spells are a little easier to cast, but a little less powerful. [an orb of fire]
 15890 | D        | Killed an orb of fire
 15908 | D        | Got the Orb of Zot
 15965 | D        | Reached skill level 27 in Stealth
 15965 | D        | Reached skill level 5 in Unarmed Combat
 16156 | D        | Got the +4 shortbow "Worm" {flame, +Fly Dex+2}
 16182 | D        | Reached skill level 1 in Long Blades
 16182 | D        | Reached skill level 1 in Polearms
 16232 | D        | Reached skill level 1 in Staves
 16232 | D        | Reached skill level 1 in Bows
 16245 | D        | Noticed Mecsupab the pandemonium lord
 16246 | D        | Noticed Jebogg the pandemonium lord
 16262 | D        | Killed Jebogg the pandemonium lord
 16262 | D        | Reached skill level 10 in Unarmed Combat
 16265 | D        | Reached XP level 24. HP: 197/199 MP: 54/54
 16270 | D        | Killed Mecsupab the pandemonium lord
 16270 | D        | Reached skill level 5 in Short Blades
 16270 | D        | Reached skill level 5 in Long Blades
 16270 | D        | Reached skill level 5 in Polearms
 16270 | D        | Reached skill level 5 in Staves
 16270 | D        | Reached skill level 5 in Bows
 16355 | D        | Reached skill level 1 in Crossbows
 16386 | D        | Learned a level 1 spell: Apportation
 16388 | D        | Learned a level 1 spell: Confusing Touch
 16390 | D        | Learned a level 1 spell: Summon Small Mammal
 16399 | D        | Identified the Compendium of Unholy Magic and Curses (You found it in the Dungeon)
 16414 | D        | Identified the Compendium of Unholy Magic and Curses (You found it in the Dungeon)
 16418 | D        | Learned a level 3 spell: Spectral Weapon
 16443 | D        | Noticed a seraph
 16454 | D        | Noticed Lell the pandemonium lord
 16463 | D        | Killed a seraph
 16468 | D        | Killed Lell the pandemonium lord
 16490 | D        | Reached skill level 5 in Crossbows
 16494 | D        | HP: 11/298 [balrug/divine providence[Lell] (16)]
 16544 | D        | Noticed Hoyged the pandemonium lord
 16545 | D        | Noticed a seraph
 16550 | D        | Escaped with the Orb!

Vault maps used:
D:        pitsprint

Skill      XL: |  1  2  3  4  5  6  7  8  9 10 11 12 13 14 15 16 17 18 19 20 21 22 23 24 |
---------------+-------------------------------------------------------------------------+-----
Fighting       | 5 6 8 9 10 12 13 15 16 18 20 21 23 25 26 27 | 27.0
Maces & Flails | 5 6 7 8 10 11 12 14 15 17 18 20 21 23 25 27 | 27.0
Throwing       | 3 4 5 6 7 8 9 10 11 13 14 15 16 17 19 21 24 27 | 27.0
Armour         | 3 4 5 6 7 8 9 11 12 13 16 18 20 22 24 27 | 27.0
Dodging        | 4 5 6 7 8 9 10 12 13 14 16 17 19 20 21 24 26 27 | 27.0
Invocations    | 2 4 5 6 7 9 10 11 13 14 16 17 18 20 22 24 27 | 27.0
Shields        | 6 10 12 14 16 19 22 27 | 27.0
Evocations     | 2 6 9 11 13 16 19 23 27 | 27.0
Spellcasting   | 12 24 27 | 27.0
Axes           | 12 13 | 13.7
Stealth        | 27 | 27.0
Charms         | 12 | 12.9
Unarmed Combat | 10 12 | 12.8
Long Blades    | 4 8 |  8.2
Polearms       | 4 8 |  8.3
Staves         | 4 9 |  9.0
Bows           | 4 9 |  9.1
Short Blades   | 4 8 |  8.2
Crossbows      | 5 |  5.5
Hexes          | 4 |  4.2
Summonings     | 4 |  4.2
Translocations | 4 |  4.2

Action                   |  1- 3 |  4- 6 |  7- 9 | 10-12 | 13-15 | 16-18 | 19-21 | 22-24 || total
-------------------------+-------+-------+-------+-------+-------+-------+-------+-------++-------
Melee: Flail             |     2 |    55 |    73 |       |       |       |       |       ||   130
       Mace              |       |    19 |       |       |       |       |       |       ||    19
       Punch             |       |       |     1 |       |       |       |       |       ||     1
       Dire flail        |       |       |    17 |   252 |   113 |       |       |       ||   382
       Demon whip        |       |       |       |       |   391 |   543 |   592 |       ||  1526
       Headbutt          |       |       |       |       |       |       |   212 |       ||   212
       Morningstar       |       |       |       |       |       |       |   296 |   532 ||   828
       Bite              |       |       |       |       |       |       |       |   102 ||   102
Throw: Stone             |       |    15 |     4 |    36 |       |       |       |       ||    55
       Tomahawk          |       |       |       |    19 |    27 |       |     3 |       ||    49
       Throwing net      |       |       |       |     2 |     4 |       |       |       ||     6
       Javelin           |       |       |       |     4 |     9 |    38 |    28 |       ||    79
Invok: Heroism           |       |     1 |     5 |     8 |    10 |    17 |     9 |       ||    50
       Finesse           |       |       |       |     6 |    12 |    17 |     8 |       ||    43
       Divine Shield     |       |       |       |       |       |       |     6 |     7 ||    13
       Summon Divine War |       |       |       |       |       |       |     2 |     3 ||     5
       Cleansing Flame   |       |       |       |       |       |       |     1 |     3 ||     4
       Brand Weapon With |       |       |       |       |       |       |     1 |       ||     1
 Abil: Evoke Invisibilit |       |       |       |       |       |     1 |     2 |       ||     3
  Use: Potion            |       |       |       |     1 |     6 |     4 |    18 |    15 ||    44
       Scroll            |       |       |       |     2 |     1 |     1 |     8 |       ||    12
 Stab: Sleeping          |       |     1 |       |       |     1 |     8 |       |       ||    10
       Held in net/web   |       |       |       |       |     1 |       |       |       ||     1
       Invisible         |       |       |       |       |       |     2 |       |       ||     2
       Distracted        |       |       |       |       |       |     1 |       |       ||     1
       Petrified         |       |       |       |       |       |       |    10 |       ||    10
       Petrifying        |       |       |       |       |       |       |     3 |       ||     3
       Confused          |       |       |       |       |       |       |     1 |       ||     1
  Eat: Ration            |       |       |     1 |       |     1 |     3 |     5 |     1 ||    11
       Chunk             |       |       |       |     2 |     4 |     3 |     3 |     5 ||    17
Armor: Leather armour    |       |     3 |       |       |       |       |       |       ||     3
       Ring mail         |       |    26 |    30 |       |       |       |       |       ||    56
       Chain mail        |       |       |     5 |    96 |   111 |       |       |       ||   212
       Scale mail        |       |       |       |       |    67 |    47 |   167 |   181 ||   462
Dodge: Dodged            |       |    34 |    43 |   133 |   151 |   100 |   272 |   324 ||  1057
Block: Buckler           |       |       |       |       |     8 |       |       |       ||     8
       Large shield      |       |       |       |       |   129 |   197 |   818 |  1165 ||  2309

Table legend:
 A = Spawn XP
 B = Non-spawn XP
 C = Spawn XP percentage of total XP
 D = Spawn monster count
 E = Non-spawn monster count
 F = Spawn count percentage of total count
 G = Total turns spent on level
                    A         B        C        D         E        F      G
               +---------+---------+-------+---------+---------+-------+---------
         Total |       0 |  808282 |   0.0 |       0 |     576 |   0.0 | 16550
               +---------+---------+-------+---------+---------+-------+---------
             D |       0 |  808282 |   0.0 |       0 |     576 |   0.0 | 16550
               +---------+---------+-------+---------+---------+-------+---------
